 Dungeon Crawl Stone Soup version 0.31-a0-986-g5e6e4ef867 (webtiles) character file.

Game seed: 4901955257028539774

86554 croobank the Covert (level 15, -5/126 HPs)
             Began as a Demigod Ice Elementalist on Nov 20, 2023.
             Slain by a vault guard simulacrum (13 damage)
             ... animated by a necromancer
             ... on level 14 of the Dungeon.
             The game lasted 02:10:57 (35980 turns).

croobank the Covert (Demigod Ice Elementalist)     Turns: 35980, Time: 02:10:58

Health: -5/126     AC: 23    Str:  9    XL:     15   Next: 2%
Magic:  24/32      EV: 13    Int: 45    God:
Gold:   411        SH:  8    Dex: 10    Spells: 11/31 levels left

rFire   + . .        a - +4 demon trident (elec)
rCold   . . .        d - +3 buckler {reflect}
rNeg    . . .        u - +0 acid dragon scales
rPois   .            E - +0 helmet
rElec   .            H - +2 cloak
rCorr   +            G - +2 pair of gloves
SInv    +            (no boots)
Will    +....        Z - amulet of magic regeneration
Stlth   ++           O - ring of Savar {rF+ Int+8 Dex-2}
HPRegen 0.41/turn    c - ring of see invisible
MPRegen 0.63/turn

%: reflection
@: ice-armoured (expiring), about to teleport, wereblooded, contaminated,
glowing
A: high MP 1, forlorn, divine attributes, iridescent scales 1, clumsy 1
a: no special abilities


You were on level 14 of the Dungeon.
You visited 3 branches of the dungeon, and saw 21 of its levels.
You visited 1 bazaar.
You also visited: Gauntlet and Volcano.

You collected 2153 gold pieces.
You spent 1742 gold pieces at shops.

Inventory:

Hand Weapons
 a - a +4 demon trident of electrocution (weapon)
 C - a +1 quick blade of flaming
 D - a +2 demon trident of flaming
Missiles
 w - 6 curare-tipped darts (quivered)
 B - 23 boomerangs
 L - 13 javelins
 M - a throwing net
Armour
 d - a +3 buckler of reflection (worn)
 u - +0 acid dragon scales (worn)
 E - a +0 helmet (worn)
 G - a +2 pair of gloves (worn)
 H - a +2 cloak (worn)
Jewellery
 c - a ring of see invisible (right hand)
 e - a +6 ring of dexterity
 i - the ring of Wifegruq {+Blink Int+5 Dex+6}
   (You bought it in a shop in a bazaar)

   [ring of dexterity]

   Int+5:     It affects your intelligence (+5).
   Dex+6:     It affects your dexterity (+6).
   +Blink:    It lets you blink.
 j - a ring of protection from fire
 l - a +6 ring of intelligence
 n - a ring of willpower
 v - a ring of ice
 z - a ring of protection from fire
 N - a +6 ring of dexterity
 O - the ring of Savar (left hand) {rF+ Int+8 Dex-2}
   (You found it on level 5 of the Lair of Beasts)

   [ring of protection from fire]

   Int+8:     It affects your intelligence (+8).
   Dex-2:     It affects your dexterity (-2).
   rF+:       It protects you from fire.
 Q - a ring of protection from cold
 R - a ring of fire
 S - a ring of resist corrosion
 U - a +4 ring of protection
 V - a ring of protection from cold
 Z - an amulet of magic regeneration (around neck)
Wands
 y - a wand of flame (37)
 I - a wand of iceblast (6)
 K - a wand of acid (1)
Scrolls
 b - 4 scrolls of identify
 f - 4 scrolls of revelation
 k - a scroll of fog
 o - 2 scrolls of vulnerability
 q - 5 scrolls of teleportation
 s - 3 scrolls of amnesia
 P - a scroll of fear
 T - a scroll of poison
Potions
 g - 4 potions of brilliance
 h - 2 potions of attraction
 m - 4 potions of invisibility
 p - a potion of magic
 r - a potion of haste
 x - a potion of resistance
 A - 2 potions of enlightenment
 J - a potion of mutation
 W - a potion of cancellation {unknown}
 X - a potion of berserk rage
 Y - 2 potions of lignification


   Skills:
 - Level 9.8 Fighting
 - Level 6.6 Short Blades
 - Level 8.2 Polearms
 + Level 3.0 Throwing
 - Level 9.5 Dodging
 - Level 10.2 Stealth
 - Level 5.0 Shields
 - Level 8.5 Spellcasting
 + Level 3.6 Conjurations
 - Level 4.0 Translocations
 + Level 3.6 Transmutations
 - Level 9.9 Ice Magic
 - Level 7.5 Poison Magic


You had 11 spell levels left.
You knew the following spells:

 Your Spells              Type           Power      Damage    Failure   Level
a - Freeze                Ice            100%       1d10      1%          1
b - Frozen Ramparts       Ice            100%       1d16      1%          3
c - Ozocubu's Armour      Ice            83%        N/A       1%          3
d - Blink                 Tloc           100%       N/A       1%          2
e - Olgreb's Toxic Radia  Pois           72%        N/A       1%          4
f - Wereblood             Tmut           51%        N/A       1%          2
g - Irradiate             Conj/Tmut      25%        3d20      22%         5

Your spell library contained the following spells:

 Spells                   Type           Power      Damage    Failure   Level
 Sting                    Tmut/Pois      100%       1d8       1%          1
 Lesser Beckoning         Tloc           100%       N/A       1%          2
 Momentum Strike          Conj/Tloc      100%       3d10      1%          2
 Poisonous Vapours        Pois/Air       100%       N/A       1%          2
 Summon Ice Beast         Ice/Summ       59%        N/A       4%          4
 Manifold Assault         Tloc           53%        N/A       7%          4
 Petrify                  Tmut/Erth      35%        N/A       17%         4
 Iskenderun's Battlesphe  Conj           51%        2d10      22%         5
 Anguish                  Hex/Necr       9%         N/A       34%         4
 Cause Fear               Hex            9%         N/A       34%         4
 Summon Mana Viper        Hex/Summ       19%        N/A       69%         5
 Dispersal                Tloc           26%        N/A       71%         6
 Bombard                  Conj/Erth      17%        9d4       95%         6
 Enfeeble                 Hex            9%         N/A       100%        7
 Monstrous Menagerie      Summ           9%         N/A       100%        7
 Disjunction              Tloc           26%        N/A       100%        8


Dungeon Overview and Level Annotations

Branches:
Dungeon (14/15)            Temple (0/1) D:5            Lair (5/5) D:9
 Shoals (0/4) Lair:2       Spider (0/4) Lair:3        Slime (0/5) Lair:4
    Orc (2/2) D:9             Elf (0/3) Orc:2        Vaults (0/5) D:14
Volcano (visited)         Gauntlet (visited)

Shops:
D:5 *   D:11 (   Orc:2 *[(([(

Annotations:
D:2 1 runed translucent door, Crazy Yiuf
D:8 1 runed translucent door
D:9 exclusions: death knight and wraith
D:10 2 transporters, FakeRyeBread's ghost, journeyman DjCj
Lair:5 1 runed translucent door, Zoom Xuxum's ghost, journeyman DsGl


Innate Abilities, Weirdness & Mutations

You have an increased reservoir of magic. (+10% MP)
You shall have no god before yourself.
Your divine heritage dramatically boosts your attributes as you level up.
You are partially covered in iridescent scales. (AC +2)
You are clumsy. (Dex -2)


Message History

* * * LOW HITPOINT WARNING * * *
The vault guard simulacrum closely misses you.
The vault guard simulacrum barely misses you.
Aiming: Throw Flame
Press: ? - help, Shift-Dir - straight line, f - vault guard simulacrum
Aim: a vault guard simulacrum (lightly damaged, 77% to hit)
The puff of flame hits the vault guard simulacrum!
The vault guard simulacrum melts!
The vault guard simulacrum is moderately damaged.
The necromancer simulacrum hits you but does no damage.
The vault guard simulacrum misses you.
Aiming: Throw Flame
Press: ? - help, Shift-Dir - straight line, f/p - vault guard simulacrum
Aim: a vault guard simulacrum (moderately damaged, 77% to hit)
The puff of flame hits the vault guard simulacrum!
The vault guard simulacrum melts!
The vault guard simulacrum is heavily damaged.
The vault guard simulacrum hits you but does no damage.
The necromancer simulacrum barely misses you.
The vault guard simulacrum closely misses you.
As you read the scroll of teleportation, it crumbles to dust.
You feel strangely unstable. The vault guard simulacrum hits you.
* * * LOW HITPOINT WARNING * * *
The vault guard simulacrum freezes you!!
* * * LOW HITPOINT WARNING * * *
You feel much better.
The necromancer simulacrum hits you but does no damage.
The vault guard simulacrum hits you but does no damage.
The vault guard simulacrum hits you.
* * * LOW HITPOINT WARNING * * *
The vault guard simulacrum freezes you!!
* * * LOW HITPOINT WARNING * * *
Okay, then.
You feel better.
Your icy armour starts to melt.
You block the necromancer simulacrum's attack.
The vault guard simulacrum hits you.
* * * LOW HITPOINT WARNING * * *
The vault guard simulacrum freezes you!
You die...

..#.# #....................#
###.#######........)...........#
.............#.................#
#####'###....+.#############...#
?.......#....#.#.(...#...[.#...#
........#....#.#.....'....[#...#
........#....#.#..⌠..'..⌠..#...#
........#....#.#)Z...).†...#...#
........#....#.#@Z..!#.†...#...#
#####+###....# ##Z''###†''##...#
.......... )...#†.†..#...#
.......... ....#.....'..>#
.......... .∩..#..⌠..'...#
.......... ...(#)....'†..#
.......... ?.!!#.....#...##
..######## ###########.#... ..#
........'<..


You could see a necromancer simulacrum and 2 vault guard simulacra.

Vanquished Creatures
  Donald (Orc:2)
  An orc warlord (Orc:2)
  6 hydras
  3 catoblepae
  3 vault guards (D:14)
  7 two-headed ogres
  Erica (Lair:1)
  8 death yaks
  3 centaur warriors (D:14)
  A deep troll shaman (Lair:5)
  4 tengu warriors (D:13)
  3 boulder beetles
  Urug (D:10)
  An orc high priest (Orc:2)
  A hell knight (Volcano)
  A skyshark (Lair:5)
  A salamander mystic (Volcano)
  An orb spider (Lair:3)
  3 orc knights
  3 necromancers (D:14)
  An arcanist (D:14)
  A phantasmal warrior (D:9)
  4 harpies (D:13)
  A deep elf pyromancer (D:14)
  An oklob plant (Lair:4)
  3 ugly things
  A cyclops (D:14)
  An orc sorcerer (Orc:2)
  6 salamanders (Volcano)
  2 manticores
  3 elephants (Lair:5)
  3 black mambas
  4 gargoyles
  11 cane toads
  7 komodo dragons
  A freezing wraith (D:9)
  4 polar bears
  8 trolls
  A blink frog (shapeshifter) (D:13)
  A snapping turtle (Lair:2)
  23 blink frogs
  6 slime creatures (D:12)
  A vampire (D:13)
  A shadow (D:11)
  2 wraiths
  18 humans (D:14)
  2 basilisks
  A water elemental (Lair:2)
  3 wyverns
  67 yaks
  6 vampire mosquitoes (D:11)
  2 steam dragons
  4 wargs
  3 acid dragons
  13 water moccasins
  2 sky beasts (D:7)
  5 black bears
  26 orc warriors
  2 ice beasts
  10 ogres
  22 wolves
  2 phantoms
  7 centaurs
  12 bullfrogs
  2 kobold brigands
  13 wights
  3 killer bees (D:8)
  An electric eel (Lair:2)
  2 howler monkeys (D:9)
  4 hounds
  28 orc priests
  A gnoll bouda (D:7)
  6 iguanas
  Jessica (D:2)
  Terence (D:3)
  Natasha (twice) (D:3)
  26 orc wizards
  2 centaur simulacra (D:9)
  19 gnolls
  7 adders
  3 white imps
  3 ufetubi
  A worm (D:2)
  6 dart slugs
  121 orcs
  4 ball pythons
  4 bats
  5 endoplasms
  2 giant cockroaches (D:1)
  7 goblins
  9 hobgoblins
  10 jackals
  4 quokkas
  3 frilled lizards
  A jackal skeleton (D:8)
  11 kobolds
  3 rats
672 creatures vanquished.

Notes
Turn   | Place    | Note
-------+----------+-------------------------------------------
     0 | D:1      | croobank the Demigod Ice Elementalist began the quest for
                  | the Orb.
     0 | D:1      | Reached XP level 1. HP: 14/14 MP: 5/5
   348 | D:1      | Reached skill level 2 in Stealth
   540 | D:1      | Reached XP level 2. HP: 16/20 MP: 5/7
  1321 | D:2      | Noticed Jessica
  1338 | D:2      | Reached XP level 3. HP: 14/26 MP: 6/8
  1342 | D:2      | Learned a level 3 spell: Frozen Ramparts
  1355 | D:2      | Killed Jessica
  1664 | D:2      | Reached XP level 4. HP: 22/33 MP: 6/10
  1712 | D:2      | Learned a level 3 spell: Ozocubu's Armour
  1732 | D:2      | Identified the +7 scimitar of Jusar Eshipt {vamp, rPois
                  | Int+4}
  2032 | D:2      | Found a runed translucent door.
  2033 | D:2      | Noticed Crazy Yiuf
  2130 | D:3      | Noticed Natasha
  2137 | D:3      | Killed Natasha
  2204 | D:3      | Reached skill level 3 in Stealth
  2279 | D:3      | Noticed Natasha
  2284 | D:3      | Killed Natasha
  2285 | D:3      | Reached XP level 5. HP: 34/38 MP: 4/12
  2712 | D:3      | Noticed Terence
  2716 | D:3      | Killed Terence
  3632 | D:4      | Noticed an ogre
  3638 | D:4      | Killed an ogre
  3639 | D:4      | Reached XP level 6. HP: 13/45 MP: 4/13
  4421 | D:5      | Entered Level 5 of the Dungeon
  4507 | D:5      | Reached skill level 1 in Fighting
  4513 | D:5      | Reached skill level 4 in Stealth
  4513 | D:5      | Reached skill level 5 in Ice Magic
  4759 | D:5      | Reached XP level 7. HP: 52/52 MP: 9/15
  4811 | D:5      | Found a staircase to the Ecumenical Temple.
  5430 | D:5      | Found Zin's Purification Station.
  6519 | D:6      | Reached XP level 8. HP: 57/63 MP: 13/17
  6557 | D:6      | Noticed a troll
  6567 | D:6      | Killed a troll
  6568 | D:6      | Reached skill level 5 in Stealth
  7238 | D:7      | Reached skill level 5 in Dodging
  7726 | D:7      | Reached skill level 5 in Fighting
  7785 | D:7      | Reached XP level 9. HP: 74/74 MP: 8/19
  8579 | D:7      | Identified a scroll of acquirement
  8579 | D:7      | Acquired a +2 buckler of reflection
  8590 | D:7      | Learned a level 2 spell: Blink
  8650 | D:7      | Reached skill level 6 in Stealth
  8650 | D:7      | Reached skill level 5 in Spellcasting
  8825 | D:8      | Reached skill level 1 in Short Blades
  8825 | D:8      | Reached skill level 1 in Shields
  9618 | D:8      | Reached skill level 7 in Stealth
  9618 | D:8      | Reached XP level 10. HP: 79/79 MP: 20/22
  9645 | D:8      | Found a runed translucent door.
  9875 | D:9      | Identified the "Immem"
  9967 | D:9      | Gained mutation: You are partially covered in iridescent
                  | scales. (AC +2) [potion of mutation]
  9967 | D:9      | Gained mutation: You are clumsy. (Dex -2) [potion of
                  | mutation]
 10060 | D:9      | Noticed a two-headed ogre
 10076 | D:8      | Killed a two-headed ogre
 10077 | D:8      | Reached skill level 5 in Short Blades
 10077 | D:8      | Reached skill level 5 in Shields
 10451 | D:8      | Reached XP level 11. HP: 59/92 MP: 19/24
 10832 | D:9      | Found a staircase to the Orcish Mines.
 10935 | D:9      | Noticed a death knight
 12046 | D:9      | Found a staircase to the Lair.
 12052 | D:9      | Noticed a phantasmal warrior
 12697 | D:10     | Entered Level 10 of the Dungeon
 12809 | D:10     | Noticed Urug
 12809 | D:10     | Noticed a two-headed ogre
 12820 | D:10     | Killed a two-headed ogre
 12887 | D:10     | Noticed a two-headed ogre
 12898 | D:10     | Killed a two-headed ogre
 12899 | D:10     | Reached skill level 1 in Translocations
 13126 | D:10     | Found a transporter.
 13128 | D:10     | Noticed FakeRyeBread's ghost (journeyman DjCj)
 13129 | D:10     | Noticed a two-headed ogre
 13130 | D:10     | Noticed a two-headed ogre
 13133 | D:10     | Identified the +12 dire flail "Daddos" {flame, Stlth+}
 13133 | D:10     | Noticed a two-headed ogre
 14044 | D:10     | Noticed a two-headed ogre
 14051 | D:10     | Killed a two-headed ogre
 14210 | D:10     | Noticed a boulder beetle
 14239 | D:10     | Killed a boulder beetle
 14589 | D:10     | Killed Urug
 14866 | D:10     | Found a transporter.
 14923 | D:11     | Reached skill level 8 in Stealth
 14997 | D:11     | Noticed a two-headed ogre
 15004 | D:11     | Killed a two-headed ogre
 15005 | D:11     | Reached skill level 1 in Polearms
 15398 | D:11     | Found Fesmukaump's Weapon Shop.
 15862 | D:12     | Noticed a two-headed ogre
 16097 | D:12     | Reached XP level 12. HP: 88/101 MP: 20/26
 17508 | Lair:1   | Entered Level 1 of the Lair of Beasts
 17605 | Lair:1   | Noticed Erica
 17638 | Lair:1   | Killed Erica
 18799 | Lair:1   | Reached skill level 9 in Stealth
 19071 | Lair:2   | Reached skill level 5 in Polearms
 19376 | Lair:2   | Reached XP level 13. HP: 108/108 MP: 21/28
 20045 | Lair:2   | Found a staircase to the Shoals.
 20332 | Lair:3   | Found a gate leading to a gauntlet.
 20381 | Gauntlet | Entered a Gauntlet
 20381 | Gauntlet | Found a transporter.
 20381 | Gauntlet | Found a transporter.
 20382 | Gauntlet | Found a transporter.
 20385 | Gauntlet | Found a transporter.
 20386 | Gauntlet | Found a transporter.
 20395 | Gauntlet | Found a transporter.
 20396 | Gauntlet | Found a transporter.
 20404 | Gauntlet | Found a transporter.
 20438 | Gauntlet | Found a transporter.
 20446 | Gauntlet | Found a transporter.
 20460 | Gauntlet | Found a transporter.
 20485 | Gauntlet | Found a transporter.
 21184 | Lair:3   | Found a hole to the Spider Nest.
 22476 | Lair:4   | Found a staircase to the Slime Pits.
 23486 | Lair:5   | Identified the "Keqilusu"
 23486 | Lair:5   | Entered Level 5 of the Lair of Beasts
 23495 | Lair:5   | Found a dark tunnel.
 23520 | Volcano  | Entered a volcano
 24395 | Lair:5   | Found a runed translucent door.
 26695 | Lair:5   | Reached skill level 10 in Stealth
 27287 | Lair:5   | Noticed Zoom Xuxum's ghost (journeyman DsGl)
 27579 | Lair:5   | Reached XP level 14. HP: 118/118 MP: 24/30
 28804 | Lair:5   | Identified the ring of Savar {rF+ Int+8 Dex-2}
 29135 | D:9      | Learned a level 4 spell: Olgreb's Toxic Radiance
 29136 | Orc:1    | Identified the of Puheuz
 29136 | Orc:1    | Entered Level 1 of the Orcish Mines
 29336 | Orc:1    | Reached skill level 1 in Poison Magic
 29736 | Orc:2    | Entered Level 2 of the Orcish Mines
 29928 | Orc:2    | Noticed Donald
 29941 | Orc:2    | Killed Donald
 30228 | Orc:2    | Found Yjegh's Weapon Shoppe.
 30356 | Orc:2    | Paralysed by an orc sorcerer for 2 turns
 30429 | Orc:2    | Noticed an orc warlord
 30793 | Orc:2    | Found Coakeod's Antique Armour Emporium.
 30883 | Orc:2    | Found a gateway to a bazaar.
 30900 | Bazaar   | Entered a bazaar
 30927 | Bazaar   | Found Fiokk's General Store.
 30942 | Bazaar   | Found Fiured's Jewellery Emporium.
 30942 | Bazaar   | Found Upiawi's General Store.
 30963 | Bazaar   | Found Yxypn's Magic Scroll Emporium.
 30963 | Bazaar   | Found Voefygutih's General Store.
 30967 | Bazaar   | Bought a scroll of identify for 18 gold pieces
 30967 | Bazaar   | Bought a scroll of enchant weapon for 67 gold pieces
 30967 | Bazaar   | Bought a scroll of identify for 18 gold pieces
 31022 | Bazaar   | Bought a scroll of identify for 24 gold pieces
 31028 | Bazaar   | Bought the ring of Wifegruq {+Blink Int+5 Dex+6} for 847
                  | gold pieces
 31042 | Bazaar   | Bought a +6 ring of intelligence for 504 gold pieces
 31048 | Bazaar   | Bought a potion of magic for 96 gold pieces
 31048 | Bazaar   | Bought a potion of haste for 120 gold pieces
 31048 | Bazaar   | Bought a scroll of identify for 24 gold pieces
 31088 | Orc:2    | Learned a level 2 spell: Wereblood
 31090 | Orc:2    | Found Ejilaed's Weapon Shop.
 31381 | Orc:2    | Found Eweffink's Antique Armour Shop.
 31385 | Orc:2    | Found Zathatwem's Antique Weapon Boutique.
 31538 | Orc:2    | Reached skill level 5 in Poison Magic
 31549 | Orc:2    | Killed an orc warlord
 31914 | Orc:2    | Found Pogroacs's Assorted Antiques.
 31931 | Orc:2    | Bought a blue potion for 24 gold pieces
 32055 | Orc:2    | Found a staircase to the Elven Halls.
 32735 | D:13     | Identified the staff "Ruimasho" {+Blink rPois rF+ Int+2
                  | Poison}
 33508 | D:13     | Learned a level 5 spell: Irradiate
 33922 | D:13     | Reached skill level 1 in Conjurations
 33922 | D:13     | Reached skill level 1 in Transmutations
 35180 | D:14     | Reached skill level 1 in Throwing
 35942 | D:14     | Found a gate to the Vaults.
 35960 | D:14     | Reached XP level 15. HP: 95/126 MP: 22/32
 35979 | D:14     | HP: 5/126 [vault guard simulacrum (23)]
 35980 | D:14     | Slain by a vault guard simulacrum

Illustrated notes

Levels and vault maps discovered:
D:1:      shiori_arrival_maze, layout_loops_corners, minmay_tetromino_o4
D:2:      layout_rooms, uniq_jessica, uniq_crazy_yiuf_cottage
D:3:      layout_loops_ring, mainiacjoe_overflow_chevrons, st_stairs_7,
          uniq_natasha, uniq_terence
D:4:      layout_basic
D:5:      layout_basic, zin_purify, mainiacjoe_overflow_cross_hatched,
          mainiacjoe_overflow_paths, minmay_temple_entry_glassed_door,
          minmay_misc_feat_encased, grunt_decor_arrowhead
D:6:      layout_rooms, gammafunk_temple_overflow_wave,
          pdpol_wu_jian_five_deadly_venoms
D:7:      layout_basic
D:8:      layout_cave_pools, dk_yredelemnul_ordeal, lemuel_crystal_altar,
          fedhas_altar_3
D:9:      layout_stronghold, regret_index_temple_of_mockery,
          trog_three_pillars_becter, lair_entry_dummy, erik_orc_3, serial_ice,
          serial_ice_i, serial_ice_e, serial_ice_h, serial_ice_g, serial_ice_d,
          serial_ice_f
D:10:     layout_roguey [special_room_orc], grunt_dithmenos_smoke_and_mirrors,
          mainiacjoe_overflow_alcove_2, gammafunk_ghost_smash,
          minmay_misc_feat_room, dk_noncrumbling_4,
          nicolae_concentric_dashed_squares_wild, chequers_serial_rivers_room_a,
          nzn_sisyphean_effort, uniq_urug
D:11:     layout_long_grid, serial_shops, nicolae_shop_peninsula
D:12:     layout_cave_pools
D:13:     layout_grid_maze, serial_glass, glass_columns_b, glass_columns_c,
          glass_columns_b, glass_columns_b, glass_columns_b, glass_columns_a,
          glass_columns_a, glass_columns_a, chequers_serial_rivers_room_a,
          hangedman_aviary
D:14:     layout_irregular_city, grunt_vaults_entry_tiered,
          nicolae_qazlal_style_of_elements, nicolae_uskayaw_en_pointe
Lair:1:   layout_roguey, st_stairs_10, grunt_megastairs_1, uniq_erica
Lair:2:   layout_roguey, minmay_shoals_entry_hut
Lair:3:   layout_long_grid, nicolae_spider_entry_orb_guardian,
          gauntlet_entry_generic
Lair:4:   layout_cave_pods, minmay_slime_entry_oklob_open,
          infiniplex_staircase_pool
Lair:5:   grunt_lair_end_beastmaster, layout_cave_pods,
          ebering_ghost_inner_flame, nicolae_volcano_entry_lava_flow,
          serial_bayou_shore_b
Orc:1:    layout_caves, led_sif_book
Orc:2:    grunt_orc_community_town_hall, layout_caves,
          grunt_orc_community_big_house_1, grunt_orc_community_big_house_1,
          grunt_orc_community_house_1, grunt_orc_community_house_3,
          grunt_orc_community_house_2, grunt_orc_community_house_3,
          grunt_orc_community_house_1, serial_shops, bzr_entry_road,
          nicolae_shop_waterfront, nicolae_shop_crystal, uniq_donald

Skill      XL: |  1  2  3  4  5  6  7  8  9 10 11 12 13 14 15 |
---------------+----------------------------------------------+-----
Stealth        | 2 3 4 5 7 8 9 10 | 10.2
Dodging        | 2 3 4 5 6 7 8 9 |  9.5
Spellcasting   | 2 3 4 5 6 7 8 |  8.5
Ice Magic      | 4 5 6 7 8 9 |  9.9
Fighting       | 1 3 5 6 7 8 9 |  9.8
Short Blades   | 4 5 6 |  6.6
Shields        | 4 5 |  5.0
Translocations | 2 4 |  4.0
Polearms       | 2 5 7 8 |  8.2
Poison Magic   | 7 |  7.5
Conjurations   | 3 |  3.6
Transmutations | 3 |  3.6
Throwing       | 2 3 |  3.0

Action                     |  1- 3 |  4- 6 |  7- 9 | 10-12 | 13-15 || total
---------------------------+-------+-------+-------+-------+-------++-------
  Melee: Unarmed           |    11 |       |       |       |       ||    11
         Hand axe          |    60 |       |       |       |       ||    60
         Dagger            |       |    33 |    49 |     1 |       ||    83
         Short sword       |       |    44 |   228 |   258 |       ||   530
         Punch             |       |       |     7 |       |       ||     7
         Falchion          |       |       |    11 |       |       ||    11
         Demon trident     |       |       |       |   261 |   929 ||  1190
   Fire: Sling             |       |     3 |       |       |       ||     3
  Throw: Javelin           |       |       |     5 |       |       ||     5
         Dart              |       |       |    13 |     5 |    38 ||    56
         Boomerang         |       |       |    12 |    15 |     6 ||    33
   Cast: Freeze            |    39 |     5 |    23 |    12 |    10 ||    89
         Frozen Ramparts   |     1 |    32 |    48 |    87 |   124 ||   292
         Ozocubu's Armour  |       |    16 |    36 |    75 |   102 ||   229
         Blink             |       |       |     1 |     1 |       ||     2
         Olgreb's Toxic Ra |       |       |       |       |    19 ||    19
         Wereblood         |       |       |       |       |    15 ||    15
         Irradiate         |       |       |       |       |     1 ||     1
  Evoke: Wand              |       |     3 |     3 |    13 |    15 ||    34
    Use: Potion            |     1 |       |     6 |     5 |     7 ||    19
         Scroll            |       |       |    14 |     6 |    17 ||    37
   Stab: Sleeping          |     5 |     7 |     4 |     9 |    15 ||    40
         Petrified         |       |       |       |       |     4 ||     4
 Armour: Robe              |    62 |    47 |    57 |       |       ||   166
         Troll leather arm |       |       |   174 |     6 |       ||   180
         Acid dragon scale |       |       |       |   365 |   666 ||  1031
         Skin              |       |       |       |       |    24 ||    24
  Dodge: Dodged            |    79 |    43 |   269 |   258 |   442 ||  1091
  Block: Buckler           |       |       |       |   209 |   365 ||   574
         Reflection        |       |       |       |     8 |    13 ||    21

Table legend: (Time is in decaauts)
 A = Elapsed time spent in this place.
 B = Non-inter-level travel time spent in this place.
 C = Inter-level travel time spent in this place.
 D = Time resting spent in this place.
 E = Time spent auto-exploring this place.
 F = Levels seen in this place.
 G = Mean time per level.
                   A        B        C        D        E       F      G
               +--------+--------+--------+--------+--------+-----+--------+
         Total |  36070 |  34861 |   1209 |  11912 |  16082 |  24 | 1502.9 |
       Dungeon |  21228 |  20468 |    760 |   6237 |  10642 |  14 | 1516.3 |
          Lair |  10680 |  10307 |    373 |   3907 |   4488 |   5 | 2136.0 |
  Orcish Mines |   3045 |   2970 |     75 |   1272 |    921 |   2 | 1522.5 |
        Bazaar |    176 |    176 |      0 |      0 |      0 |   1 |  176.0 |
       Volcano |    693 |    693 |      0 |    495 |     30 |   1 |  693.0 |
      Gauntlet |    245 |    245 |      0 |      0 |      0 |   1 |  245.0 |
               +--------+--------+--------+--------+--------+-----+--------+

Top non-repeatable levels by time:
  Lair:5: 3009 daAuts
  Lair:3: 2627 daAuts
     D:9: 2452 daAuts
   Orc:2: 2227 daAuts
    D:10: 2222 daAuts
  Lair:4: 2161 daAuts
    D:13: 2036 daAuts
     D:7: 1955 daAuts
     D:5: 1777 daAuts
    D:14: 1645 daAuts
  Lair:1: 1558 daAuts
     D:8: 1538 daAuts
     D:4: 1377 daAuts
  Lair:2: 1324 daAuts
     D:1: 1276 daAuts
